Map: Dash and Terminal LE (Void)

Players

wabbajack

  • Race: Zerg Zerg
  • League: Grandmaster

Imalayan - Winner!

  • Race: Zerg Zerg

VOD

Have the link to the VOD?

Description

Time

  • Played on: July 14, 2015, 1:42 p.m.
  • Length: 6:51
Show
View Real Time Build Order
Export as new Build Order

wabbajack Zerg 

Build Orders: Pool First 

Get SALT Encoding   

  12  0:01  Drone  
  13  0:12  Drone  
  14  0:20  Extractor  
  13  0:22  Extractor  
  13  0:23  Drone x2  
  16  0:41  Spawning Pool  
  15  0:45  Overlord  
  15  0:51  Extractor  
  15  0:52  Extractor  
  15  0:53  Drone  
  16  1:04  Drone x2  
  16  1:08  Drone  
  18  1:19  Drone  
  19  1:29  Queen  
  19  1:30  Overlord  
  21  1:39  Drone  
  22  2:00  Hatchery  
  21  2:03  Drone  
  22  2:16  Roach Warren  
  21  2:25  Spine Crawler  
  21  2:28  Drone x2  
  22  2:35  Metabolic Boost  
  22  2:44  Queen  
  24  2:58  Roach x2  
  28  3:00  Roach  
  30  3:16  Roach  
  30  3:17  Roach x2  
  36  3:22  Overlord  
  36  3:30  Overlord  
  36  4:06  Roach x7  
  50  4:10  Roach  
  52  4:17  Overlord  
  52  4:34  Overlord  
  52  4:38  Roach  
  54  4:40  Drone  
  54  4:41  Drone x2  
  54  4:42  Drone  
  58  4:47  Drone x2  
  58  4:52  Spine Crawler  
  59  4:54  Drone  
  60  5:13  Overlord  
  60  5:16  Zergling x2  
  60  5:17  Zergling x14  
  68  5:34  Zergling x16  
  65  6:02  Zergling x2  
  65  6:03  Zergling x22  
  44  6:33  Zergling x22  
  44  6:34  Zergling x2  
Show
View Real Time Build Order
Export as new Build Order

Imalayan Zerg - Winner!

Build Orders: Hatch First 

Get SALT Encoding   

  12  0:01  Drone  
  13  0:22  Overlord x2  
  13  0:27  Drone  
  14  0:40  Drone  
  15  0:49  Drone  
  16  1:01  Drone  
  16  1:02  Hatchery  
  16  1:06  Drone  
  17  1:23  Drone  
  18  1:25  Spawning Pool  
  18  1:28  Drone  
  18  1:37  Drone, Extractor  
  18  1:48  Drone  
  19  1:59  Drone  
  20  2:09  Drone  
  20  2:12  Queen  
  20  2:14  Drone, Queen  
  26  2:21  Drone  
  27  2:26  Roach Warren  
  26  2:31  Zergling x2  
  26  2:33  Drone  
  28  2:37  Drone  
  28  2:41  Drone  
  30  2:47  Drone  
  30  2:50  Metabolic Boost  
  31  2:57  Drone x2  
  33  3:10  Drone x2  
  33  3:12  Evolution Chamber  
  34  3:18  Drone  
  34  3:19  Evolution Chamber  
  35  3:20  Drone  
  35  3:22  Drone  
  35  3:23  Overlord  
  35  3:25  Overlord  
  35  3:26  Overlord  
  36  3:31  Lair  
  36  3:36  Drone, Extractor  
  36  3:38  Drone, Extractor  
  36  3:42  Drone x4  
  36  3:43  Drone  
  41  3:49  Drone  
  42  3:55  Zerg Missile Weapons Level 1  
  42  4:01  Drone x5  
  47  4:05  Drone x2  
  49  4:10  Overlord  
  49  4:12  Zergling x4  
  49  4:16  Drone  
  52  4:17  Drone  
  53  4:27  Zerg Ground Armor Level 1  
  53  4:30  Glial Reconstitution  
  53  4:36  Spore Crawler  
  52  4:42  Roach x4  
  60  4:52  Roach x3  
  66  4:57  Roach  
  68  5:01  Overseer  
  68  5:05  Overlord x5  
  68  5:27  Roach x6  
  68  5:28  Hatchery  
  79  5:34  Roach x3  
  85  5:38  Roach  
  87  5:46  Roach  
  87  5:47  Roach x3  
  88  5:53  Queen  
  88  5:56  Roach x2  
  72  6:10  Zergling x4  
  68  6:15  Roach x5  
Tags
 
Add a new tag
Caveats
  • Supply blocks, unpowered buildings, or Contaminate may cause inaccurate times.
  • Supply counts are checked every 10 seconds.